 Dungeon Sprint DCSS version 0.18-a0-1435-gee79d65 (webtiles) character file.

19200000 geek the Conqueror (level 27, -97/249 HPs)
             Began as a Mummy Chaos Knight on Feb 28, 2016.
             Was the Champion of Makhleb.
             Annihilated by a fleshlord
             ... wielding a +9 great mace
              (306 damage)
             ... in the Dungeon (Sprint VIII: "Arena of Blood").
             The game lasted 00:08:39 (192 turns).

geek the Conqueror (Mummy Chaos Knight)              Turns: 192, Time: 00:08:41

Health: -97/249    AC:  8    Str: 21    XL:     27
Magic:  54/54      EV: 31    Int: 14    God:    Makhleb [******]
Gold:   0          SH:  0    Dex: 16    Spells: 0 memorised, 80 levels left

rFire  x . .     SeeInvis .     d - +∞ Axe of Woe
rCold  + . .     Gourm    .     b - +2 leather armour
rNeg   + + +     Faith    .     (shield currently unavailable)
rPois  ∞         Spirit   .     (no helmet)
rElec  .         Dismiss  .     (no cloak)
rCorr  .         Reflect  .     (no gloves)
SustAt .         Harm     .     (no boots)
MR     +++..     NoTele   +     (no amulet)
Stlth  +++.......               (no ring)
                                (no ring)

@: slowed, very slow, extremely resistant to hostile enchantments, fairly
stealthy
A: no food or potions, fire vulnerability, cold resistance 1, negative energy
resistance 3, torment resistance, unbreathing, in touch with death 2, restore
body
a: Self-Restoration, Minor Destruction, Lesser Servant of Makhleb, Major
Destruction, Greater Servant of Makhleb, Renounce Religion
0: Orb of Zot


You were in the Dungeon.
You worshipped Makhleb.
Makhleb was exalted by your worship.
You were not hungry.

You visited 1 branch

Inventory:

Hand Weapons
 a - a +0 hand axe of chaos
 d - the +∞ Axe of Woe (weapon)
   (You found it in the Dungeon)
 e - a +9 war axe
Armour
 b - a +2 leather armour (worn)
Scrolls
 c - a scroll of blinking


   Skills:
 O Level 27 Fighting
 O Level 27 Axes
 O Level 27 Throwing
 O Level 27 Armour
 O Level 27 Dodging
 O Level 27 Stealth
 O Level 27 Unarmed Combat
 O Level 27 Spellcasting
 O Level 27 Invocations


You had 80 spell levels left.
You didn't know any spells.

Dungeon Overview and Level Annotations

Branches:
Dungeon (1/1)

Altars:
Makhleb


Innate Abilities, Weirdness & Mutations

You do not eat or drink.
Your flesh is vulnerable to fire.
You are immune to poison.
Your flesh is cold resistant.
You are immune to negative energy.
You are immune to unholy pain and torment.
You can survive without breathing.
You are strongly in touch with the powers of death.
You can restore your body by infusing magical energy.


Message History

Makhleb accepts your kill.
You feel better.
You slice something!!
You dissect something like a pig carcass.
Makhleb accepts your kill.
Reactivating autopickup.
You slice the fleshlord!! You chop the fleshlord into pieces.
You kill the fleshlord!
Makhleb accepts your kill.
You are engulfed in roaring flames.
You hear a horrible gurgling sound!
You hear an angry hiss. x2
You hear a shout!
You hear an angry hiss.
You hear a shout!
You hear a roar!
You hear a shout!
The meat berserker rages.
The destroyer blinks!
The fleshlord mumbles some strange words.
The fleshlord seems to speed up.
The fleshlord hits you with a +9 great mace!!!!!!
Ouch! That really hurt!
You die...
Xom cackles wildly!

..o........
..........
#.......# . .
#..§....# ...
..###.......###....
......###%)%...L..
......%_)%%%..%X%.
....#.%%))#§...XX.
. #_@<)_#.oooo..
#§Vp))#......#
.C.O§§_O))p...px.
.....%###.O§oD.D.o
..###.. ...###..%S
. #.. ...#


XD.. #.. ....# ... ...%. ...... You could see an eight-headed meat hydra, a
destroyer, 2 fleshlords, 3 meat berserkers and a bag of meat.

Vanquished Creatures
  Dispater (D)
  16 hell knights (D)
  Sigmund (D)
  13 hell beasts (D)
  Edmund (D)
  9 greater mummies (D)
  13 great orbs of eyes (D)
  14 wraiths (D)
  Harold (D)
  21 vampire knights (D)
  53 ogres (D)
  16 liches (D)
  15 hydras (D)
  161 orcs (D)
  9 phantoms (D)
  15 hill giants (D)
  13 skeletal warriors (D)
  13 sea snakes (D)
  6 large abominations (D)
  23 small abominations (D)
  43 crawling corpses (D)
457 creatures vanquished.

Vanquished Creatures (others)
  A small abomination (D)
  12 crawling corpses (D)
13 creatures vanquished.

Grand Total: 470 creatures vanquished

Notes
Turn   | Place    | Note
--------------------------------------------------------------
     0 | D        | geek the Mummy Chaos Knight began the quest for the Orb.
     0 | D        | Reached XP level 1. HP: 18/18 MP: 1/1
     3 | D        | Noticed a bag of meat
     3 | D        | Noticed a bag of meat
     4 | D        | Killed a bag of meat
     4 | D        | Reached skill level 15 in Axes
     4 | D        | Reached XP level 2. HP: 21/49 MP: 2/2
     4 | D        | Reached XP level 3. HP: 23/55 MP: 3/3
     4 | D        | Reached XP level 4. HP: 26/63 MP: 4/4
     4 | D        | Reached XP level 5. HP: 28/69 MP: 5/5
     4 | D        | Reached XP level 6. HP: 30/76 MP: 6/6
     4 | D        | Reached XP level 7. HP: 32/83 MP: 7/7
     4 | D        | Reached XP level 8. HP: 34/90 MP: 8/8
     4 | D        | Reached XP level 9. HP: 36/96 MP: 9/9
     4 | D        | Reached XP level 10. HP: 39/104 MP: 10/10
     4 | D        | Reached XP level 11. HP: 41/110 MP: 11/11
     5 | D        | Fell from the grace of Xom
     5 | D        | Became a worshipper of Makhleb the Destroyer
     8 | D        | Noticed a meat berserker
     9 | D        | Noticed a bag of meat
    10 | D        | Noticed a bag of meat
    11 | D        | Killed a meat berserker
    11 | D        | Reached XP level 12. HP: 45/127 MP: 12/12
    11 | D        | Gained mutation: You are in touch with the powers of death. [Mummy growth]
    11 | D        | Gained mutation: You can restore your body by infusing magical energy. [Mummy growth]
    11 | D        | Reached XP level 13. HP: 47/134 MP: 13/13
    13 | D        | Noticed a meat berserker
    13 | D        | Noticed a meat berserker
    13 | D        | Noticed a meat berserker
    13 | D        | Noticed a bag of meat
    13 | D        | Killed a bag of meat
    13 | D        | Reached * piety under Makhleb
    13 | D        | Reached XP level 14. HP: 50/145 MP: 14/14
    15 | D        | Killed a meat berserker
    15 | D        | Reached XP level 15. HP: 52/158 MP: 15/15
    15 | D        | HP: 5/158 [meat berserker/+9 battleaxe (48)]
    16 | D        | Killed a meat berserker
    16 | D        | Reached ** piety under Makhleb
    16 | D        | Reached skill level 27 in Fighting
    16 | D        | Reached skill level 5 in Stealth
    16 | D        | Reached skill level 15 in Armour
    16 | D        | Reached skill level 5 in Dodging
    16 | D        | Reached XP level 16. HP: 69/167 MP: 16/16
    17 | D        | Noticed a meat berserker
    17 | D        | Reached *** piety under Makhleb
    17 | D        | Reached skill level 27 in Axes
    18 | D        | Killed a meat berserker
    18 | D        | Reached XP level 17. HP: 167/174 MP: 17/17
    19 | D        | Noticed a meat berserker
    19 | D        | Noticed a meat berserker
    21 | D        | Noticed a meat berserker
    22 | D        | Noticed a meat berserker
    23 | D        | Killed a meat berserker
    23 | D        | Reached skill level 10 in Dodging
    23 | D        | Reached skill level 15 in Stealth
    25 | D        | Noticed a meat berserker
    25 | D        | Reached **** piety under Makhleb
    25 | D        | Killed a meat berserker
    25 | D        | Reached skill level 27 in Armour
    25 | D        | Reached XP level 18. HP: 182/182 MP: 18/18
    26 | D        | Noticed a destroyer
    26 | D        | Killed a meat berserker
    27 | D        | Killed a meat berserker
    27 | D        | Reached XP level 19. HP: 189/189 MP: 19/19
    27 | D        | Reached ***** piety under Makhleb
    27 | D        | Reached skill level 27 in Stealth
    28 | D        | Killed a meat berserker
    28 | D        | Reached XP level 20. HP: 197/197 MP: 20/20
    29 | D        | Noticed a destroyer
    29 | D        | Reached skill level 27 in Dodging
    29 | D        | Killed a destroyer
    29 | D        | Reached skill level 10 in Throwing
    29 | D        | Reached skill level 10 in Unarmed Combat
    30 | D        | Reached ****** piety under Makhleb
    31 | D        | Killed a meat berserker
    31 | D        | Reached skill level 15 in Throwing
    31 | D        | Reached skill level 15 in Unarmed Combat
    31 | D        | Reached XP level 21. HP: 204/204 MP: 20/41
    32 | D        | Noticed a destroyer
    37 | D        | Reached XP level 22. HP: 212/212 MP: 21/46
    37 | D        | Killed a destroyer
    39 | D        | Noticed a destroyer
    40 | D        | Noticed a destroyer
    40 | D        | Reached XP level 23. HP: 219/219 MP: 22/52
    42 | D        | Killed a destroyer
    43 | D        | Killed a destroyer
    43 | D        | Reached skill level 27 in Spellcasting
    43 | D        | Reached skill level 27 in Invocations
    43 | D        | Killed a destroyer
    43 | D        | Reached skill level 27 in Throwing
    43 | D        | Reached skill level 27 in Unarmed Combat
    43 | D        | Reached XP level 24. HP: 227/227 MP: 23/54
    51 | D        | Reached XP level 25. HP: 234/234 MP: 25/54
    52 | D        | Noticed The Servant
    53 | D        | Noticed a destroyer
    56 | D        | Noticed a tyrant
    58 | D        | Noticed a tyrant
    58 | D        | Noticed a tyrant
    59 | D        | Noticed a tyrant
    59 | D        | Gained mutation: You are strongly in touch with the powers of death. [Mummy growth]
    59 | D        | Reached XP level 26. HP: 242/242 MP: 27/54
    60 | D        | Killed a tyrant
    61 | D        | Noticed The Captor
    61 | D        | Killed a destroyer
    62 | D        | Noticed a tyrant
    62 | D        | Noticed a destroyer
    64 | D        | Noticed a destroyer
    65 | D        | Killed a destroyer
    65 | D        | Reached XP level 27. HP: 118/249 MP: 29/54
    65 | D        | Killed a tyrant
    66 | D        | Noticed a destroyer
    67 | D        | Noticed a dread
    67 | D        | Killed a destroyer
    68 | D        | Noticed a dread
    68 | D        | Noticed a tyrant
    68 | D        | Killed a tyrant
    70 | D        | Noticed a tyrant
    70 | D        | Killed The Captor
    71 | D        | Noticed a destroyer
    71 | D        | Noticed a destroyer
    72 | D        | Killed a destroyer
    73 | D        | Noticed a meat beast
    73 | D        | Killed a tyrant
    73 | D        | Killed a dread
    74 | D        | Noticed a tyrant
    75 | D        | Noticed a meat beast
    75 | D        | Noticed a tyrant
    75 | D        | Noticed a meat beast
    75 | D        | Noticed a tyrant
    75 | D        | Noticed a meat beast
    75 | D        | Noticed a meat beast
    75 | D        | Killed a destroyer
    76 | D        | Noticed a meat beast
    76 | D        | Noticed an accursed
    77 | D        | Noticed a destroyer
    77 | D        | Killed a dread
    77 | D        | Killed a destroyer
    78 | D        | Noticed a dread
    78 | D        | Noticed a dread
    78 | D        | Killed a destroyer
    78 | D        | Killed a meat beast
    79 | D        | Noticed a tyrant
    80 | D        | Killed a tyrant
    80 | D        | Killed a meat beast
    80 | D        | Killed a meat beast
    81 | D        | Noticed an accursed
    81 | D        | Noticed a dread
    81 | D        | Noticed a dread
    81 | D        | Killed a meat beast
    81 | D        | Killed a tyrant
    81 | D        | Killed The Servant
    82 | D        | Noticed a dread
    82 | D        | Killed a meat beast
    85 | D        | Killed a dread
    86 | D        | Noticed a destroyer
    86 | D        | Noticed an accursed
    87 | D        | Noticed a dread
    87 | D        | Noticed a meat beast
    89 | D        | Noticed a destroyer
    89 | D        | Noticed a meat beast
    89 | D        | Killed a dread
    90 | D        | Killed a dread
    92 | D        | Killed a destroyer
    93 | D        | Noticed an accursed
    93 | D        | Killed a meat beast
    94 | D        | Noticed a destroyer
    95 | D        | Killed a tyrant
    95 | D        | Killed a dread
    96 | D        | Killed a meat beast
    97 | D        | Noticed a meat beast
    97 | D        | Noticed an accursed
    97 | D        | Killed a destroyer
    97 | D        | Killed an accursed
    98 | D        | Killed a tyrant
    98 | D        | Killed a tyrant
    99 | D        | Killed a meat beast
   100 | D        | Killed a dread
   103 | D        | Killed a tyrant
   104 | D        | Noticed a tyrant
   104 | D        | Killed a tyrant
   105 | D        | Noticed a tyrant
   105 | D        | Noticed a destroyer
   106 | D        | Killed a meat beast
   107 | D        | Killed a dread
   108 | D        | Noticed a destroyer
   108 | D        | Noticed an accursed
   108 | D        | Noticed a destroyer
   108 | D        | Killed a destroyer
   109 | D        | Noticed The Defiler
   110 | D        | Noticed a tyrant
   110 | D        | Killed a destroyer
   111 | D        | Killed a destroyer
   111 | D        | Killed a destroyer
   115 | D        | Noticed a tyrant
   117 | D        | Killed an accursed
   118 | D        | Noticed an accursed
   118 | D        | Killed an accursed
   120 | D        | Noticed a dread
   121 | D        | Noticed a fleshlord
   121 | D        | Killed a fleshlord
   124 | D        | Noticed a destroyer
   124 | D        | Killed The Defiler
   124 | D        | Killed an accursed
   125 | D        | Noticed a dread
   125 | D        | Killed a tyrant
   128 | D        | Noticed a tyrant
   129 | D        | Killed a destroyer
   133 | D        | Noticed an accursed
   136 | D        | Killed a tyrant
   140 | D        | Noticed a dread
   140 | D        | Noticed a fleshlord
   140 | D        | Noticed a meat beast
   143 | D        | Killed a tyrant
   144 | D        | Killed a dread
   145 | D        | Killed a tyrant
   145 | D        | Killed an accursed
   146 | D        | Noticed a fleshlord
   146 | D        | Noticed a fleshlord
   146 | D        | Killed a meat beast
   146 | D        | Killed a dread
   147 | D        | Noticed a fleshlord
   148 | D        | Noticed a fleshlord
   148 | D        | Killed a dread
   149 | D        | Noticed a fleshlord
   149 | D        | Noticed a fleshlord
   149 | D        | Killed an accursed
   149 | D        | Killed a fleshlord
   150 | D        | Noticed a fleshlord
   150 | D        | Killed a fleshlord
   151 | D        | Noticed a fleshlord
   151 | D        | Killed an accursed
   151 | D        | Killed an accursed
   153 | D        | Noticed a fleshlord
   153 | D        | Noticed a dread
   153 | D        | Noticed a fleshlord
   153 | D        | Noticed a destroyer
   153 | D        | Killed a fleshlord
   155 | D        | Killed a fleshlord
   156 | D        | Noticed a fleshlord
   156 | D        | Noticed a dread
   156 | D        | Noticed a meat beast
   156 | D        | Killed a fleshlord
   157 | D        | Noticed a fleshlord
   157 | D        | Killed a fleshlord
   159 | D        | Noticed a dread
   159 | D        | Killed a fleshlord
   160 | D        | Killed a fleshlord
   160 | D        | Killed a tyrant
   160 | D        | Killed a destroyer
   161 | D        | Killed a meat beast
   162 | D        | Killed a fleshlord
   163 | D        | Killed a fleshlord
   164 | D        | Killed a fleshlord
   164 | D        | Killed a fleshlord
   164 | D        | Killed a dread
   165 | D        | Killed a fleshlord
   166 | D        | Noticed a destroyer
   166 | D        | Noticed a meat beast
   168 | D        | Killed a destroyer
   168 | D        | Killed a meat beast
   171 | D        | Killed a dread
   172 | D        | Killed a dread
   179 | D        | Noticed an accursed
   181 | D        | Noticed The Meatlord
   184 | D        | Killed an accursed
   185 | D        | Noticed a fleshlord
   185 | D        | Noticed a meat beast
   185 | D        | Noticed a fleshlord
   185 | D        | Noticed a fleshlord
   185 | D        | Noticed a fleshlord
   185 | D        | Noticed a fleshlord
   186 | D        | Killed The Meatlord
   187 | D        | Got the Orb of Zot
   188 | D        | Noticed a destroyer
   191 | D        | Killed a meat beast
   192 | D        | Killed a fleshlord
   192 | D        | Killed a fleshlord
   192 | D        | Annihilated by a fleshlord

Vault maps used:
D:        meatsprint

Skill      XL: |  1  2  3  4  5  6  7  8  9 10 11 12 13 14 15 16 17 18 19 20 21 22 23 |
---------------+----------------------------------------------------------------------+-----
Fighting       | 18 22 24 26 27 | 27.0
Axes           | 15 19 20 22 26 27 | 27.0
Armour         | 9 11 12 13 15 21 27 | 27.0
Dodging        | 2 3 4 5 9 13 18 26 27 | 27.0
Stealth        | 2 3 6 12 19 25 27 | 27.0
Throwing       | 15 19 23 27 | 27.0
Unarmed Combat | 15 19 23 27 | 27.0
Spellcasting   | 16 20 25 27 | 27.0
Invocations    | 16 20 25 27 | 27.0

Action                   |  1- 3 |  4- 6 |  7- 9 | 10-12 | 13-15 | 16-18 | 19-21 | 22-24 | 25-27 || total
-------------------------+-------+-------+-------+-------+-------+-------+-------+-------+-------++-------
Melee: Executioner's axe |     1 |       |       |     1 |     3 |     6 |     8 |     9 |   128 ||   156
Invok: Major Destruction |       |       |       |       |       |       |       |       |     1 ||     1
 Stab: Distracted        |       |       |       |       |     1 |       |       |       |       ||     1
